 Dungeon Crawl Stone Soup version 0.19.5 (webtiles) character file.

99 SirLoin the Skirmisher (level 4, -1/41 HPs)
             Began as a Minotaur Fighter on Apr 4, 2017.
             Succumbed to an orc priest's poison
             ... on level 3 of the Dungeon.
             The game lasted 00:25:03 (3696 turns).

SirLoin the Skirmisher (Minotaur Fighter)           Turns: 3696, Time: 00:25:04

Health: -1/41      AC:  6    Str: 22    XL:     4   Next: 45%
Magic:  3/3        EV:  7    Int:  5    God:
Gold:   56         SH:  9    Dex:  9    Spells: 0 memorised, 3 levels left

rFire  . . .     SeeInvis .     a - +0 flail
rCold  . . .     Gourm    .     b - +0 scale mail
rNeg   . . .     Faith    .     c - +0 shield
rPois  .         Spirit   .     (helmet restricted)
rElec  .         Reflect  .     (no cloak)
rCorr  .         Harm     .     (no gloves)
MR     .....                    (no boots)
Stlth  ..........               (no amulet)
                                (no ring)
                                (no ring)

@: lethally poisoned (-1 -> -16)
A: retaliatory headbutt, horns 2
a: no special abilities


You were on level 3 of the Dungeon.
You were not hungry.

You visited 1 branch of the dungeon, and saw 3 of its levels.

You collected 56 gold pieces.

Inventory:

Hand Weapons
 a - a +0 flail (weapon)
 j - a cursed +0 short sword
 n - a +0 hand axe
 o - a +0 dagger
 B - a cursed +0 hand axe
Missiles
 k - 63 arrows
 l - 59 stones
 y - 44 bolts
 A - 7 javelins (quivered)
Armour
 b - a +0 scale mail (worn)
 c - a +0 shield (worn)
 i - a +0 plate armour
Jewellery
 t - a +4 ring of protection {unknown}
Scrolls
 g - 2 scrolls of identify {unknown}
 u - 2 scrolls of immolation {unknown}
 w - 5 scrolls of teleportation {unknown}
 z - a scroll of fear {unknown}
Potions
 d - a potion of might
 e - a potion of curing {unknown}
 q - 2 potions of invisibility {unknown}
 r - a potion of haste {unknown}
 v - 2 potions of heal wounds {unknown}
 x - 2 potions of agility {unknown}
Comestibles
 f - a bread ration
 h - 2 meat rations
 m - 2 slices of pizza
 p - 2 fruits
 s - a beef jerky
 C - a chunk of flesh


   Skills:
 + Level 4.7 Fighting
 * Level 4.6 Maces & Flails
 - Level 3.6 Armour
 + Level 0.2 Dodging
 + Level 0.5 Stealth
 - Level 3.6 Shields


You had 3 spell levels left.
You didn't know any spells.

Dungeon Overview and Level Annotations

Branches:
Dungeon (3/15)

Altars:
Ru


Innate Abilities, Weirdness & Mutations

You reflexively headbutt those who attack you in melee.
You have a pair of horns on your head.


Message History

You kill the shadow imp!
The orc priest hits you with a dagger of venom.
You are poisoned.
The orc priest casts a cantrip, but nothing happens.
You closely miss the frilled lizard.
Your headbutt misses the frilled lizard.
You feel sick. You block the frilled lizard's attack.
The orc priest mumbles some strange prayers to Beogh against you.
Pain shoots through your body!
The orc priest mumbles some strange prayers to Beogh against you.
Beogh smites you!
* * * LOW HITPOINT WARNING * * *
You block the frilled lizard's attack.
You closely miss the orc priest.
* * * LOW HITPOINT WARNING * * *
You feel sick. You block the frilled lizard's attack.
The orc priest hits you but does no damage.
You are more poisoned.
Your shield prevents you from hitting the orc priest.
You die...

#.....# ##.....##
#..##.# .##.......##
#..# #
..$....>..###..##.#
.................###
##.....#####........
.....# #.###.###
#l.######.###.#
#@o...........#
#o#####...###.#
.oh..###.####
#.#..........#
...o#...##...#.# ...
..#..##..#..#
o..#....#....#......
... .....#..#....#.#
.##..## .##....


You could see 3 orc priests, an orc, a jackal and a frilled lizard.

Vanquished Creatures
  3 adders (D:2)
  A shadow imp (D:3)
  An ooze (D:1)
  A worm (D:3)
  3 dart slugs
  An orc (D:3)
  11 bats
  8 goblins
  5 hobgoblins
  2 jackals (D:3)
  6 kobolds
  2 quokkas (D:2)
  2 frilled lizards (D:3)
  6 rats
  A fungus (D:3)
  A plant (D:3)
54 creatures vanquished.

Notes
Turn   | Place    | Note
-------+----------+-------------------------------------------
     0 | D:1      | SirLoin the Minotaur Fighter began the quest for the Orb.
     0 | D:1      | Reached XP level 1. HP: 19/19 MP: 0/0
   692 | D:1      | Reached XP level 2. HP: 27/27 MP: 1/1
  1915 | D:2      | Reached XP level 3. HP: 33/33 MP: 2/2
  2693 | D:2      | Reached XP level 4. HP: 38/41 MP: 3/3
  3253 | D:3      | Found a sacrificial altar of Ru.
  3694 | D:3      | HP: 2/41 [orc priest/divine providence (12)]
  3696 | D:3      | Succumbed to an orc priest's poison

Skill      XL: |  1  2  3 |
---------------+----------+-----
Fighting       | 4 |  4.7
Maces & Flails | 3 4 |  4.6
Armour         | |  3.6
Dodging        | |  0.2
Stealth        | |  0.5
Shields        | |  3.6

Action                   |  1- 3 |  4- 6 || total
-------------------------+-------+-------++-------
Melee: Flail             |    67 |    75 ||   142
       Headbutt          |     7 |    17 ||    24
  Eat: Chunk             |     3 |     3 ||     6
       Fruit             |     1 |     2 ||     3
Armor: Scale mail        |    71 |    26 ||    97
Dodge: Dodged            |    49 |    18 ||    67
Block: Shield            |    74 |    37 ||   111
